 Dungeon Crawl Stone Soup version 0.28.0-53-g5a82cb258f (webtiles) character file.

Game seed: 328901965457622863

700 issech the Chopper (level 7, -4/58 (61) HPs)
             Began as a Minotaur Monk on June 19, 2022.
             Killed by nerve-wracking pain
             ... invoked by an orc priest
              (7 damage)
             ... on level 5 of the Dungeon.
             The game lasted 00:14:54 (6030 turns).

issech the Chopper (Minotaur Monk)                  Turns: 6030, Time: 00:14:55

HP:   -4/58 (61)    AC: 12    Str: 22    XL:     7   Next: 38%
MP:   6/6           EV:  8    Int:  7    God:
Gold: 258           SH:  0    Dex: 14    Spells: 6/6 levels left

rFire   . . .      SeeInvis .   F - +0 broad axe
rCold   . . .      Faith    .   (no shield)
rNeg    . . .      Spirit   .   H - +0 plate armour
rPois   +          Reflect  .   f - +0 hat
rElec   .          Harm     .   (no cloak)
rCorr   .          Rampage  .   (no gloves)
Will    .....                   (no boots)
Stlth   ..........              (no amulet)
HPRegen 0.19/turn               A - +6 ring of strength
MPRegen 0.10/turn               I - ring of poison resistance

@: lightly drained
A: horns 2, retaliatory headbutt
a: no special abilities


You were on level 5 of the Dungeon.
You visited 2 branches of the dungeon, and saw 6 of its levels.

You collected 258 gold pieces.

Inventory:

Hand Weapons
 h - a +0 hunting sling
 l - a +0 war axe
 s - a +0 mace of holy wrath
 t - a +0 hunting sling
 u - a +1 dagger of venom
 x - a +0 halberd
 F - a +0 broad axe (weapon)
Missiles
 d - 202 stones (quivered)
 m - 6 poisoned darts
 o - 4 boomerangs
 q - 28 bolts
 C - 19 arrows
 E - 21 sling bullets
Armour
 e - a +0 robe of fire resistance
 f - a +0 hat (worn)
 p - a +0 chain mail
 z - a +3 leather armour
 H - a +0 plate armour (worn)
Magical Staves
 n - a staff of death
 J - a staff of conjuration
Jewellery
 A - a +6 ring of strength (left hand)
 I - a ring of poison resistance (right hand)
Wands
 y - a wand of flame (16)
 K - a wand of charming (9)
Scrolls
 a - a scroll of enchant weapon
 b - 2 scrolls of fear
 c - 3 scrolls of teleportation
 i - a scroll of torment
 r - a scroll of vulnerability
 w - 2 scrolls of noise {unknown}
 B - 2 scrolls of immolation {unknown}
 G - a scroll of summoning {unknown}
Potions
 g - 6 potions of lignification {unknown}
 j - a potion of ambrosia {unknown}
 k - a potion of heal wounds
 v - a potion of brilliance {unknown}
 D - a potion of curing {unknown}


   Skills:
 + Level 5.3 Fighting
 + Level 7.0 Axes
 + Level 4.5 Armour
 + Level 5.1 Dodging
 + Level 1.9 Stealth


You had 6 spell levels left.
You didn't know any spells.
Your spell library contained the following spells:

 Spells                   Type           Power      Damage    Failure   Level
 Beastly Appendage        Tmut           0%         N/A       100%        1
 Wereblood                Tmut           0%         N/A       100%        2
 Spider Form              Tmut/Pois      0%         N/A       100%        3
 Tukima's Dance           Hex            0%         N/A       100%        3
 Anguish                  Hex/Necr       0%         N/A       100%        4
 Iskenderun's Battlesphe  Conj           0%         2d6       100%        5
 Iron Shot                Conj/Erth      0%         9d1       100%        6
 Enfeeble                 Hex            0%         N/A       100%        7
 Spellforged Servitor     Conj/Summ      0%         N/A       100%        7


Dungeon Overview and Level Annotations

Branches:
Dungeon (5/15)             Temple (1/1) D:5

Altars:
Ashenzari
Cheibriados
Elyvilon
Gozag
Kikubaaqudgha
Nemelex Xobeh
Okawaru
Qazlal
Ru
Sif Muna
Uskayaw
Vehumet
Wu Jian
Xom
Yredelemnul
Zin
The Shining One

Annotations:
D:3 2 transporters, bchevrier's ghost, amateur GnCA


Innate Abilities, Weirdness & Mutations

You have a pair of horns on your head.
You reflexively headbutt those who attack you in melee.


Message History

An ogre comes into view. It is wielding a +0 giant club.
The ogre shouts!
The orc wizard casts a spell at you. The puff of flame hits you.
The orc priest invokes the aid of Beogh against you.
Beogh smites you!
There is an escape hatch in the floor here.
You hit the orc wizard.
The orc wizard is moderately wounded.
The orc wizard hits you but does no damage.
You feel drained.
The orc wizard gestures at you while chanting.
The puff of flame hits you.
You hit the orc wizard but do no damage.
The orc wizard is moderately wounded.
You barely miss the orc. You closely miss the ogre.
You barely miss the orc priest.
The orc priest hits you but does no damage.
The orc hits you but does no damage.
The ogre hits you with a +0 giant club!!
The orc wizard hits you but does no damage.
You feel drained.
The orc priest hits you but does no damage.
The orc wizard hits you with a +1 dagger of draining.
You feel drained.
The orc priest calls down the wrath of Beogh upon you.
Beogh smites you!
* * * LOW HITPOINT WARNING * * *
The orc hits you but does no damage.
The orc wizard mumbles some strange words.
The orc wizard flickers and vanishes!
Deactivating autopickup; reactivate with Ctrl-A.
The orc priest hits you with a +0 short sword.
* * * LOW HITPOINT WARNING * * *
You slash the orc!
You kill the orc!
You hit the orc priest but do no damage.
The orc priest calls down the wrath of Beogh upon you.
Pain shoots through your body!
You die...

#.#############......
#.##.................
#.##......[.......###
#.##..............###
#.##..............##.
#.##...............#.
#.############[....#.
#.############.....#.
#.O)@(.......'.......
#......o...#######.......
#..........# #.....#.
#..........# #.....#.
#..........# #.....#.
#........!.# #####.....#.
############ #...'.....#.
#.###.....#. #.#########.


You could see an ogre and an orc priest.

Vanquished Creatures
  Eustachio (D:5)
  A sky beast (D:5)
  A gnoll shaman (D:4)
  2 hounds
  An iron imp (D:3)
  Ijyb (D:4)
  An iguana (D:5)
  A hound zombie (D:5)
  2 hound skeletons
  10 adders
  6 gnolls (D:4)
  A white imp (D:5)
  4 dart slugs
  2 worms (D:3)
  13 orcs
  4 bats
  5 endoplasms
  5 giant cockroaches
  7 goblins
  4 hobgoblins
  4 jackals (D:3)
  5 kobolds
  A quokka (D:2)
  9 ball pythons
  6 frilled lizards
  4 rats
101 creatures vanquished.

Notes
Turn   | Place    | Note
-------+----------+-------------------------------------------
     0 | D:1      | issech the Minotaur Monk began the quest for the Orb.
     0 | D:1      | Reached XP level 1. HP: 19/19 MP: 0/0
   335 | D:1      | Reached XP level 2. HP: 15/27 MP: 1/1
   582 | D:1      | Found a faded altar of an unknown god.
  1291 | D:2      | Reached skill level 4 in Axes
  1331 | D:2      | Reached XP level 3. HP: 24/33 MP: 2/2
  1617 | D:2      | Reached skill level 1 in Armour
  2043 | D:3      | Noticed Sigmund
  2430 | D:3      | Reached XP level 4. HP: 22/40 MP: 3/3
  2654 | D:3      | Found a snail-covered altar of Cheibriados.
  2942 | D:3      | Found a transporter.
  2948 | D:3      | Noticed bchevrier's ghost (amateur GnCA)
  2952 | D:3      | Noticed a phantom
  3139 | D:3      | Reached XP level 5. HP: 40/46 MP: 4/4
  3292 | D:3      | Found a transporter.
  3412 | D:4      | Noticed Ijyb
  3556 | D:4      | Reached skill level 5 in Axes
  3999 | D:4      | Killed Ijyb
  4210 | D:4      | Reached XP level 6. HP: 24/53 MP: 5/5
  4213 | D:4      | Reached skill level 6 in Axes
  5190 | D:5      | Entered Level 5 of the Dungeon
  5308 | D:5      | Found a staircase to the Ecumenical Temple.
  5313 | D:5      | Found a hide-covered altar of Uskayaw.
  5337 | Temple   | Entered the Ecumenical Temple
  5536 | D:5      | Noticed Eustachio
  5553 | D:5      | Killed Eustachio
  5554 | D:5      | Reached skill level 5 in Fighting
  5554 | D:5      | Reached skill level 5 in Dodging
  5554 | D:5      | Reached XP level 7. HP: 33/61 MP: 6/6
  5573 | D:5      | Reached skill level 7 in Axes
  6029 | D:5      | HP: 2/58 [orc priest/+0 short sword (5)]
  6030 | D:5      | Killed from afar by an orc priest

Illustrated notes

Levels and vault maps discovered:
D:1:      dpeg_arrival_rooms_a, layout_basic, chequers_ecumenical_altar_island,
          kennysheep_boxes
D:2:      layout_loops_ring
D:3:      layout_loops_ring, chei_slow_surprise, gammafunk_ghost_mausoleum,
          kennysheep_generic_room_8, uniq_sigmund
D:4:      layout_cave_pools, minmay_fractal_squares_diagonal_5, uniq_ijyb
D:5:      layout_basic, grunt_temple_overflow_open, minmay_temple_entry_grid,
          uniq_eustachio
Temple:   regret_index_temple_waves

Skill      XL: |  1  2  3  4  5  6  7 |
---------------+----------------------+-----
Dodging        | 4 5 |  5.1
Axes           | 4 5 6 7 |  7.0
Armour         | 1 2 4 |  4.5
Fighting       | 4 5 |  5.3
Stealth        | |  1.9

Action                   |  1- 3 |  4- 6 |  7- 9 || total
-------------------------+-------+-------+-------++-------
Melee: Hand axe          |    58 |       |       ||    58
       Headbutt          |    12 |    28 |     2 ||    42
       War axe           |    28 |    59 |       ||    87
       Punch             |     1 |     1 |     1 ||     3
       Dagger            |       |    59 |       ||    59
       Broad axe         |       |    18 |    16 ||    34
  Use: Scroll            |       |     5 |       ||     5
Armor: Ring mail         |    37 |     5 |       ||    42
       Chain mail        |       |    42 |       ||    42
       Leather armour    |       |    11 |       ||    11
       Plate armour      |       |    40 |    16 ||    56
Dodge: Dodged            |    75 |    98 |     2 ||   175
